Match 42018146
Unlisted

Match 42018146
End
Panzergrenadier Squad
250 Light Carrier
Selects Armored Support Battlegroup
Construct Light Support Kompanie
Assault Grenadier Squad
Combat Half-tracks
Fire Support Elements
Selects Superior Fire Drills
Vehicle Survival Package
Flakvierling Half-track
Panzerjäger Mechanized Group
2.5-tonne Medical Truck
Veteran Squad Leaders
Selects Flammpanzer III Medium Tank
Flammpanzer III Medium Tank
Panzerjäger Mechanized Group
Selects Salvage Kits
Construct Panzerarmee Kommand
Panzer III L Medium Tank
Emergency Repair Kits
Selects Panzer Storm
Panzer III L Medium Tank
CAuMOH
Kitsuné
SMOKO
-AL- Nimahfrosch
0
0

Comments sign in to comment!

No comments posted yet!